 Dungeon Crawl Stone Soup version 0.31-a0-799-g6bc09d010c (webtiles) character file.

Game seed: 1107867741827843140

7116 senseless the Grappler (level 11, -9/83 HPs)
             Began as a Gnoll Shapeshifter on Sept 19, 2023.
             Was a Believer of Uskayaw.
             Mangled by a wyvern (14 damage)
             ... on level 7 of the Dungeon.
             The game lasted 00:17:29 (7361 turns).

senseless the Grappler (Gnoll Shapeshifter)         Turns: 7361, Time: 00:17:30

Health: -9/83      AC: 12    Str: 19    XL:     11   Next: 10%
Magic:  0/20       EV:  8    Int:  9    God:    Uskayaw [**....]
Gold:   373        SH:  0    Dex: 11    Spells: 22/22 levels left

rFire   . . .        a - +10 morningstar "Eos" {elec, Halo rElec}
rCold   . . .        (no shield)
rNeg    . . .        o - +0 plate armour
rPois   .            (helmet currently unavailable)
rElec   +            (cloak currently unavailable)
rCorr   +            (gloves currently unavailable)
SInv    .            (boots currently unavailable)
Will    +....        w - amulet of guardian spirit Stlth
                     g - ring of resist corrosion
HPRegen 0.33/turn    v - ring of willpower
MPRegen 0.17/turn

%: guardian spirit
@: beast-form, attractive, glowing
A: beast (slay +4), fangs 1, strong nose, distributed training
a: Begin Untransformation, Renounce Religion, Stomp, Line Pass


You were on level 7 of the Dungeon.
You worshipped Uskayaw.
Uskayaw was noncommittal.
You were a hulking beast.
You visited 2 branches of the dungeon, and saw 9 of its levels.

You collected 373 gold pieces.

Inventory:

Hand Weapons
 a - the +10 morningstar "Eos" (weapon) {elec, Halo rElec}
   (You found it on level 3 of the Dungeon)

   Halo:      It grants its wielder a halo, revealing invisible creatures and
   increasing accuracy against all within it other than the wielder.
   rElec:     It insulates you from electricity.
 b - a +3 sling
 m - the +7 executioner's axe "Puluig" {antimagic, Dex+5}
   (You found it on level 7 of the Dungeon)

   Dex+5:     It affects your dexterity (+5).
 n - a +2 hand axe of freezing
Missiles
 A - 3 javelins
Armour
 e - a +0 leather armour
 f - a +0 pair of boots
 l - a +0 ring mail
 o - a +0 plate armour (worn)
 p - a +0 helmet
 t - a scarf of shadows
 y - a +0 hat
 z - the +1 pair of boots of the Frog {Int+5 Stlth+}
   (You found it on level 7 of the Dungeon)

   Int+5:     It affects your intelligence (+5).
   Stlth+:    It makes you more stealthy.
Jewellery
 g - a ring of resist corrosion (left hand)
 v - a ring of willpower (right hand)
 w - an amulet of guardian spirit (around neck)
Talismans
 c - a beast talisman (active)
 d - a flux talisman
Wands
 D - a wand of flame (3)
Scrolls
 i - 4 scrolls of teleportation
 j - 2 scrolls of revelation
 B - a scroll of immolation
Potions
 h - 2 potions of curing
 k - 2 potions of mutation
 q - 2 potions of magic
 E - 2 potions of cancellation
Miscellaneous
 r - a condenser vane
 u - a box of beasts


   Skills:
 + Level 6.6 Fighting
 + Level 6.1 Short Blades
 + Level 6.1 Long Blades
 + Level 6.1 Axes
 + Level 6.1 Maces & Flails
 + Level 6.1 Polearms
 + Level 6.1 Staves
 + Level 6.1 Ranged Weapons
 + Level 6.1 Throwing
 + Level 6.1 Armour
 + Level 7.7 Dodging
 + Level 6.1 Stealth
 + Level 6.1 Shields
 + Level 9.0 Unarmed Combat
 + Level 6.1 Spellcasting
 + Level 5.0 Conjurations
 + Level 5.0 Hexes
 + Level 5.0 Summonings
 + Level 5.0 Necromancy
 + Level 5.0 Translocations
 + Level 5.0 Transmutations
 + Level 5.0 Fire Magic
 + Level 5.0 Ice Magic
 + Level 5.0 Air Magic
 + Level 5.0 Earth Magic
 + Level 5.0 Poison Magic
 + Level 6.6 Invocations
 + Level 6.1 Evocations
 + Level 8.6 Shapeshifting


You had 22 spell levels left.
You didn't know any spells.
Your spell library contained the following spells:

 Spells                   Type           Power      Damage    Failure   Level
 Freeze                   Ice            44%        1d6       58%         1
 Summon Small Mammal      Summ           44%        N/A       58%         1
 Cigotuvi's Dreadful Rot  Necr/Pois/Air  22%        N/A       75%         2
 Sublimation of Blood     Necr           11%        N/A       75%         2
 Wereblood                Tmut           11%        N/A       75%         2
 Call Canine Familiar     Summ           11%        N/A       92%         3
 Frozen Ramparts          Ice            22%        1d4       92%         3
 Hailstorm                Conj/Ice       11%        3d5       92%         3
 Ignite Poison            Fire/Tmut/Pois 11%        N/A       92%         3
 Ozocubu's Armour         Ice            11%        N/A       92%         3
 Summon Guardian Golem    Hex/Summ       11%        N/A       92%         3
 Freezing Cloud           Conj/Ice/Air   5%         6-21      100%        5
 Ozocubu's Refrigeration  Ice            5%         4d8       100%        7
 Summon Hydra             Summ           5%         N/A       100%        7


Dungeon Overview and Level Annotations

Branches:
Dungeon (8/15)             Temple (1/1) D:4            Lair (0/5) D:8

Altars:
Ashenzari
Cheibriados
Dithmenos
Elyvilon
Fedhas
Gozag
Hepliaklqana
Kikubaaqudgha
Makhleb
Nemelex Xobeh
Okawaru
Qazlal
Ru
Sif Muna
Trog
Uskayaw
Vehumet
Wu Jian
Xom
Yredelemnul
Zin

Shops:
D:3 *:


Innate Abilities, Weirdness & Mutations

You are a hulking beast.
Your limbs bulge with bestial killing power. (Slay +4)
You have very sharp teeth.
Your uncanny sense of smell can sniff out nearby items.
Your experience applies equally to all skills.


Message History

The wolf bites you!
* * * LOW HITPOINT WARNING * * *
The wolf bites you but does no damage. The orc completely misses you.
The orc hits you but does no damage. x3
The hound stops to sniff the ground.
The wyvern bites you.
* * * LOW HITPOINT WARNING * * *
The wolf bites you but does no damage. x2; The orc hits you but does no damage. x4
You hit the orc.
You kill the orc!
The wolf bites you.
* * * LOW HITPOINT WARNING * * *
The wyvern bites you but does no damage.
The wolf bites you but does no damage.
The hound pauses to sniff the ground.
The wyvern bites you but does no damage.
The wolf pauses to sniff the ground.
The wolf bites you but does no damage. The wolf bites you.
* * * LOW HITPOINT WARNING * * *
The orc barely misses you. The orc hits you but does no damage. x2
You can now pass through a line of other dancers.
Okay, then.
It was a potion of cancellation.
Your magical effects are unravelling.
You feel magically purged.
You feel less wooden.
Your +0 plate armour unmelds from your body.
You turn into a hulking beast.
Your hearing returns.
The sentinel's mark upon you fades away.
The wolf bites you but does no damage. x2
The wyvern bites you but does no damage.
The orc hits you but does no damage. The orc barely misses you.
The orc hits you but does no damage. The wolf bites you.
* * * LOW HITPOINT WARNING * * *
The wolf bites you but does no damage.
It was a potion of attraction.
You feel attractive to monsters. The wyvern bites you!
You die...

## ###. #... ### #... ##.# #.).
####..###... ##### #.#.....#...
##.l)## ##.........#)
#..ohh###............
#..ooh..........##... ###
##....h.........#.... ##.#
###......(...#...... ##..###
######.....(.)........ #.....#
##..#..................
##...#####...............##.....
#.....###.........#.....##......
##.....#.........................


You could see a wyvern, 2 wolves, a hound and 3 orcs.

Vanquished Creatures
  A centaur warrior (D:7)
  2 two-headed ogres (D:7)
  Pikel (D:4)
  A deep elf pyromancer (D:7)
  A cyclops (D:7)
  A manticore (D:7)
  A troll (D:7)
  Sigmund (D:4)
  A wraith (D:7)
  A wyvern (D:8)
  A steam dragon (D:7)
  A vampire mosquito (D:7)
  A water moccasin (D:7)
  2 ice beasts (D:7)
  3 ogres
  3 black bears
  4 sky beasts
  2 phantoms
  2 kobold brigands (D:7)
  A lemure (D:4)
  2 bullfrogs
  A scorpion (D:7)
  A howler monkey (D:7)
  4 hounds
  2 jellies (D:5)
  An orc priest (D:3)
  A gnoll bouda (D:7)
  Natasha (thrice) (D:3)
  2 iguanas
  4 sleepcaps
  11 orc wizards
  Robin (D:3)
  7 gnolls
  7 adders
  3 white imps
  An ufetubus (D:5)
  A worm (D:2)
  3 dart slugs
  27 orcs
  7 bats
  10 endoplasms
  3 giant cockroaches
  13 goblins
  11 hobgoblins
  3 jackals (D:3)
  5 quokkas
  7 ball pythons
  4 frilled lizards (D:1)
  12 kobolds
  5 rats
193 creatures vanquished.

Notes
Turn   | Place    | Note
-------+----------+-------------------------------------------
     0 | D:1      | senseless the Gnoll Shapeshifter began the quest for the
                  | Orb.
     0 | D:1      | Reached XP level 1. HP: 17/17 MP: 1/1
   105 | D:1      | Reached XP level 2. HP: 23/23 MP: 2/2
   253 | D:1      | Reached XP level 3. HP: 19/28 MP: 3/3
   418 | D:1      | Reached skill level 1 in Invocations
  1041 | D:2      | Reached skill level 1 in Short Blades
  1041 | D:2      | Reached skill level 1 in Long Blades
  1041 | D:2      | Reached skill level 1 in Axes
  1041 | D:2      | Reached skill level 1 in Maces & Flails
  1041 | D:2      | Reached skill level 1 in Polearms
  1041 | D:2      | Reached skill level 1 in Staves
  1041 | D:2      | Reached skill level 1 in Ranged Weapons
  1041 | D:2      | Reached skill level 1 in Throwing
  1041 | D:2      | Reached skill level 1 in Armour
  1041 | D:2      | Reached skill level 1 in Stealth
  1041 | D:2      | Reached skill level 1 in Shields
  1041 | D:2      | Reached skill level 1 in Spellcasting
  1041 | D:2      | Reached skill level 1 in Evocations
  1219 | D:2      | Reached XP level 4. HP: 34/34 MP: 5/5
  1345 | D:3      | Reached skill level 1 in Conjurations
  1345 | D:3      | Reached skill level 1 in Hexes
  1345 | D:3      | Reached skill level 1 in Summonings
  1345 | D:3      | Reached skill level 1 in Necromancy
  1345 | D:3      | Reached skill level 1 in Translocations
  1345 | D:3      | Reached skill level 1 in Transmutations
  1345 | D:3      | Reached skill level 1 in Fire Magic
  1345 | D:3      | Reached skill level 1 in Ice Magic
  1345 | D:3      | Reached skill level 1 in Air Magic
  1345 | D:3      | Reached skill level 1 in Earth Magic
  1345 | D:3      | Reached skill level 1 in Poison Magic
  1662 | D:3      | Noticed Natasha
  1673 | D:3      | Killed Natasha
  1674 | D:3      | Reached XP level 5. HP: 11/40 MP: 5/7
  1972 | D:3      | Noticed Robin
  1994 | D:3      | Killed Robin
  2133 | D:3      | Noticed Natasha
  2137 | D:3      | Killed Natasha
  2181 | D:3      | Found Xub Quth's Assorted Antiques.
  2186 | D:3      | Found Jillal's Book Boutique.
  2334 | D:3      | Found the +10 morningstar "Eos" {elec, Halo rElec}
  2628 | D:3      | Noticed Natasha
  2635 | D:3      | Killed Natasha
  2636 | D:3      | Reached XP level 6. HP: 14/47 MP: 8/8
  2796 | D:4      | Noticed Pikel
  2805 | D:4      | Killed Pikel
  2806 | D:4      | Reached skill level 5 in Dodging
  2806 | D:4      | Reached skill level 7 in Unarmed Combat
  2806 | D:4      | Reached XP level 7. HP: 33/53 MP: 8/11
  3035 | D:4      | Found a staircase to the Ecumenical Temple.
  3048 | Temple   | Entered the Ecumenical Temple
  3139 | Temple   | Became a worshipper of Uskayaw the Reveller
  3175 | D:4      | Reached * piety under Uskayaw
  3254 | D:4      | Reached ** piety under Uskayaw
  3256 | D:4      | Reached XP level 8. HP: 54/60 MP: 12/12
  3262 | D:4      | Reached *** piety under Uskayaw
  3721 | D:4      | Found a hazy altar of Hepliaklqana.
  3722 | D:4      | Found a faded altar of an unknown god.
  3722 | D:4      | Noticed Sigmund
  3725 | D:4      | Killed Sigmund
  4022 | D:5      | Entered Level 5 of the Dungeon
  4171 | D:5      | Reached **** piety under Uskayaw
  4178 | D:5      | Reached ***** piety under Uskayaw
  4676 | D:5      | You fall into a shaft and drop 1 floor!
  4815 | D:5      | Found an ornate altar of the Wu Jian Council.
  5388 | D:6      | Reached XP level 9. HP: 64/66 MP: 12/14
  5944 | D:7      | Reached skill level 5 in Fighting
  5996 | D:7      | Found a snail-covered altar of Cheibriados.
  5996 | D:7      | Found a shimmering altar of Xom.
  5997 | D:7      | Found an ancient bone altar of Kikubaaqudgha.
  5997 | D:7      | Found an ornate altar of the Wu Jian Council.
  6157 | D:7      | Identified the +1 pair of boots of the Frog {Int+5 Stlth+}
  6179 | D:7      | Noticed a two-headed ogre
  6179 | D:7      | Noticed a manticore
  6186 | D:7      | Killed a two-headed ogre
  6187 | D:7      | Reached skill level 8 in Unarmed Combat
  6187 | D:7      | Reached skill level 5 in Invocations
  6190 | D:7      | Killed a manticore
  6191 | D:7      | Reached XP level 10. HP: 16/75 MP: 3/17
  6384 | D:7      | Noticed a two-headed ogre
  6387 | D:7      | Noticed a deep elf pyromancer
  6391 | D:7      | Killed a two-headed ogre
  6391 | D:7      | Noticed a cyclops
  6392 | D:7      | Reached skill level 5 in Short Blades
  6392 | D:7      | Reached skill level 5 in Long Blades
  6392 | D:7      | Reached skill level 5 in Axes
  6392 | D:7      | Reached skill level 5 in Maces & Flails
  6392 | D:7      | Reached skill level 5 in Polearms
  6392 | D:7      | Reached skill level 5 in Staves
  6392 | D:7      | Reached skill level 5 in Ranged Weapons
  6392 | D:7      | Reached skill level 5 in Throwing
  6392 | D:7      | Reached skill level 5 in Armour
  6392 | D:7      | Reached skill level 5 in Stealth
  6392 | D:7      | Reached skill level 5 in Shields
  6392 | D:7      | Reached skill level 5 in Spellcasting
  6392 | D:7      | Reached skill level 5 in Evocations
  6400 | D:7      | Reached ****** piety under Uskayaw
  6413 | D:7      | Killed a cyclops
  6422 | D:7      | Killed a deep elf pyromancer
  6625 | D:7      | Identified the +7 executioner's axe "Puluig" {antimagic,
                  | Dex+5}
  6959 | D:7      | Noticed a centaur warrior
  6966 | D:7      | Killed a centaur warrior
  6967 | D:7      | Reached skill level 9 in Unarmed Combat
  6967 | D:7      | Reached skill level 5 in Conjurations
  6967 | D:7      | Reached skill level 5 in Hexes
  6967 | D:7      | Reached skill level 5 in Summonings
  6967 | D:7      | Reached skill level 5 in Necromancy
  6967 | D:7      | Reached skill level 5 in Translocations
  6967 | D:7      | Reached skill level 5 in Transmutations
  6967 | D:7      | Reached skill level 5 in Fire Magic
  6967 | D:7      | Reached skill level 5 in Ice Magic
  6967 | D:7      | Reached skill level 5 in Air Magic
  6967 | D:7      | Reached skill level 5 in Earth Magic
  6967 | D:7      | Reached skill level 5 in Poison Magic
  6967 | D:7      | Reached XP level 11. HP: 53/83 MP: 14/20
  7349 | D:8      | Found a staircase to the Lair.
  7361 | D:7      | Mangled by a wyvern

Illustrated notes

Levels and vault maps discovered:
D:1:      elethiomel_arrival_shortcut, layout_rooms
D:2:      layout_loops_corners, minmay_pentomino_w2
D:3:      layout_loops_corners, serial_shops, shop, shop,
          minmay_stone_trees_small, uniq_robin, uniq_natasha
D:4:      layout_loops_corners, beargit_hepliaklqana_dungeon_heroes,
          minmay_temple_entry_junction, hangedman_abyss_or_decor_stabs,
          uniq_pikel
D:5:      layout_basic, pdpol_wu_jian_five_deadly_venoms, st_stairs_10,
          hangedman_abyss_or_decor_slice
D:6:      layout_loops_ring, chequers_serial_rivers_small_a, hellmonk_no_cap
D:7:      minmay_the_grid_octo_2x2 [minmay_the_grid_octo_teeth,
          minmay_the_grid_octo_shrine, minmay_the_grid_octo_focus,
          minmay_the_grid_octo_prize_ultimate_mussel_roller], layout_cave_pools,
          minmay_three_doors
D:8:      layout_loops_corners, minmay_lair_entry_grove
Temple:   hellmonk_temple_of_storms

Skill      XL: |  1  2  3  4  5  6  7  8  9 10 |
---------------+-------------------------------+-----
Invocations    | 1 2 3 4 5 6 |  6.6
Short Blades   | 1 2 3 4 6 |  6.1
Long Blades    | 1 2 3 4 6 |  6.1
Axes           | 1 2 3 4 6 |  6.1
Maces & Flails | 1 2 3 4 6 |  6.1
Polearms       | 1 2 3 4 6 |  6.1
Staves         | 1 2 3 4 6 |  6.1
Ranged Weapons | 1 2 3 4 6 |  6.1
Throwing       | 1 2 3 4 6 |  6.1
Armour         | 1 2 3 4 6 |  6.1
Stealth        | 1 2 3 4 6 |  6.1
Shields        | 1 2 3 4 6 |  6.1
Spellcasting   | 1 2 3 4 6 |  6.1
Evocations     | 1 2 3 4 6 |  6.1
Conjurations   | 1 2 3 4 5 |  5.0
Hexes          | 1 2 3 4 5 |  5.0
Summonings     | 1 2 3 4 5 |  5.0
Necromancy     | 1 2 3 4 5 |  5.0
Translocations | 1 2 3 4 5 |  5.0
Transmutations | 1 2 3 4 5 |  5.0
Fire Magic     | 1 2 3 4 5 |  5.0
Ice Magic      | 1 2 3 4 5 |  5.0
Air Magic      | 1 2 3 4 5 |  5.0
Earth Magic    | 1 2 3 4 5 |  5.0
Poison Magic   | 1 2 3 4 5 |  5.0
Fighting       | 3 4 5 6 |  6.6
Dodging        | 5 6 7 |  7.7
Unarmed Combat | 7 8 9 |  9.0
Shapeshifting  | 7 8 |  8.6

Action                     |  1- 3 |  4- 6 |  7- 9 | 10-12 || total
---------------------------+-------+-------+-------+-------++-------
  Melee: Unarmed           |    77 |    26 |       |       ||   103
         Bite              |     6 |     5 |    10 |     7 ||    28
         Punch             |     2 |     2 |     5 |     6 ||    15
         Hand axe          |       |    41 |       |       ||    41
         Morningstar       |       |     9 |   120 |    92 ||   221
   Fire: Sling             |       |       |    17 |     9 ||    26
    Use: Potion            |       |     1 |       |     7 ||     8
         Scroll            |       |       |    11 |     1 ||    12
   Stab: Sleeping          |     2 |       |       |       ||     2
         Paralysed         |       |       |     6 |     5 ||    11
 Armour: Animal skin       |     3 |       |       |       ||     3
         Leather armour    |    34 |       |       |       ||    34
         Ring mail         |       |    43 |    48 |       ||    91
         Plate armour      |       |       |    69 |   139 ||   208
         Skin              |       |       |       |    30 ||    30
  Dodge: Dodged            |    41 |    35 |    55 |    48 ||   179

Table legend: (Time is in decaauts)
 A = Elapsed time spent in this place.
 B = Non-inter-level travel time spent in this place.
 C = Inter-level travel time spent in this place.
 D = Time resting spent in this place.
 E = Time spent auto-exploring this place.
 F = Levels seen in this place.
 G = Mean time per level.
                   A        B        C        D        E       F      G
               +--------+--------+--------+--------+--------+-----+--------+
         Total |   7435 |   6922 |    513 |    350 |   5491 |   9 |  826.1 |
       Dungeon |   7406 |   6918 |    488 |    350 |   5491 |   8 |  925.8 |
        Temple |     29 |      4 |     25 |      0 |      0 |   1 |   29.0 |
               +--------+--------+--------+--------+--------+-----+--------+

Top non-repeatable levels by time:
     D:7: 1459 daAuts
     D:3: 1442 daAuts
     D:4: 1253 daAuts
     D:5: 1024 daAuts
     D:6: 904 daAuts
     D:2: 740 daAuts
     D:1: 575 daAuts
  Temple: 29 daAuts
     D:8: 6 daAuts
